 Dungeon Crawl Stone Soup version 0.31.0-12-g77e489cdc1 (webtiles) character file.

Game seed: 14189652931347720812

853 PriceMaster the Apothecary (level 7, 0/47 HPs)
             Began as a Demonspawn Alchemist on Feb 27, 2024.
             Was a Follower of Nemelex Xobeh.
             Succumbed to poison
             ... on level 5 of the Dungeon on Feb 28, 2024.
             The game lasted 00:10:27 (7044 turns).

PriceMaster the Apothecary (Demonspawn Alchemist)   Turns: 7044, Time: 00:10:28

Health: 0/47       AC:  9    Str:  8 (10) XL:     7   Next: 70%
Magic:  2/13       EV: 12    Int: 14 (16) God:    Nemelex Xobeh [*.....]
Gold:   307        SH:  4    Dex: 12 (13) Spells: 7/14 levels left

rFire   . . .        q - +5 dagger
rCold   . . .        (no shield)
rNeg    . . .        e - +3 leather armour
rPois   .            (helmet restricted)
rElec   .            g - +0 cloak
rCorr   .            (no gloves)
SInv    +            (no boots)
Will    ++...        (no amulet)
Stlth   ++           j - ring of see invisible
HPRegen 0.27/turn    d - ring of willpower
MPRegen 0.13/turn

%: no passive effects
@: lethally poisoned (0 -> -2), enlightened, flying, very slightly contaminated
A: antennae 1, thin metallic scales 1, powered by pain 1, condensation shield
a: Renounce Religion, Draw Escape, Draw Destruction, Draw Summoning


You were on level 5 of the Dungeon.
You worshipped Nemelex Xobeh.
Nemelex Xobeh was aware of your devotion.
You visited 1 branch of the dungeon, and saw 5 of its levels.

You collected 307 gold pieces.

Inventory:

Hand Weapons
 f - a +1 short sword of venom
 m - a +2 dagger of venom
 p - a +1 dagger of venom
 q - a +5 dagger (weapon)
Missiles
 c - 2 throwing nets
Armour
 a - a +0 robe
 e - a +3 leather armour (worn)
 g - a +0 cloak (worn)
Jewellery
 d - a ring of willpower (right hand)
 j - a ring of see invisible (left hand)
Wands
 b - a wand of acid (3)
Scrolls
 k - 2 scrolls of poison
 n - a scroll of fog
Potions
 h - a potion of might
 l - a potion of brilliance
 r - a potion of enlightenment


   Skills:
 + Level 0.8 Fighting
 + Level 1.3 Short Blades
 + Level 2.0 Armour
 + Level 3.1 Dodging
 + Level 2.6 Stealth
 + Level 1.0 Shields
 + Level 0.7 Unarmed Combat
 + Level 4.4 Spellcasting
 + Level 2.5 Conjurations
 + Level 1.3 Air Magic
 + Level 5.2 Alchemy
 + Level 0.1 Evocations


You had 7 spell levels left.
You knew the following spells:

 Your Spells              Type           Power      Damage    Failure   Level
a - Sting                 Conj/Alch      56%        1d6       5%          1
b - Mercury Vapours       Alch/Air       24%        N/A       11%         2
c - Olgreb's Toxic Radia  Alch           17%        N/A       30%         4

Your spell library contained the following spells:

 Spells                   Type           Power      Damage    Failure   Level
 Mephitic Cloud           Conj/Alch/Air  11%        N/A       22%         3
 Sticky Flame             Fire/Alch      10%        2d5       65%         4


Dungeon Overview and Level Annotations

Branches:
Dungeon (5/15)
 Temple: D:4-7

Altars:
Gozag
Nemelex Xobeh

Shops:
D:1 !   D:2 (   D:4 (


Innate Abilities, Weirdness & Mutations

You have a pair of small antennae on your head.
You are partially covered in thin metallic scales. (AC +2)
You sometimes gain a little power by taking damage.
A meltable shield of frost defends you. (SH +4)


Message History

Confirm with . or Enter, or press ? or * to list all spells.
You miscast Olgreb's Toxic Radiance.
Nothing appears to happen.
The centaur shouts!
You feel extremely sick.
The centaur wields a +0 orcbow.
The centaur shoots an arrow.
The arrow hits you but does no damage.
The howler monkey hoots and howls with incredible vigour!
The centaur shoots an arrow.
The arrow barely misses you.
You hear a loud, deep croak!
You hear a shout! x5
Casting: Olgreb's Toxic Radiance (quite dangerous; 30% risk of failure)
Confirm with . or Enter, or press ? or * to list all spells.
You don't have enough magic to cast this spell.
Okay, then.
Okay, then.
Okay, then.
Okay, then.
Okay, then.
You feel very buoyant.
You fly up into the air.
You feel very sick.
* * * LOW HITPOINT WARNING * * *
You feel very sick.
* * * LOW HITPOINT WARNING * * *
You feel very sick.
* * * LOW HITPOINT WARNING * * *
You feel very sick.
You reach down and open the door.
* * * LOW HITPOINT WARNING * * *
You feel sick.
* * * LOW HITPOINT WARNING * * *
You feel sick.
There is an open door here.
* * * LOW HITPOINT WARNING * * *
You feel sick.
* * * LOW HITPOINT WARNING * * *
You feel sick.
* * * LOW HITPOINT WARNING * * *
You feel sick.
You die...
Your body disappears without a glow.

#.....#
########..#.......
#.....#
#.........#.......
#.....#
#.........#.......
#.....#
#.........#.......
#####.....#
#.........#.......
#.........#
##....##..'.......
#.........#
########..#....?..
#.........#
#.....#...#{O.....
#.........#
#.@.Oh'c..#..h....
#...<.....#
##....##..#.....c.
#.........#
##########.......
#.........#
.......'
#.........#
.......
#.........#
#[...###### #....#
#....#


You could see an ogre, a centaur and a howler monkey.

Vanquished Creatures
  A water moccasin (D:5)
  A black bear (D:4)
  An ice beast (D:3)
  An ogre (D:5)
  A scorpion (D:4)
  An orc priest (D:3)
  3 sleepcaps (D:4)
  3 orc wizards
  11 adders
  3 gnolls (D:4)
  2 dart slugs
  4 ribbon worms
  10 orcs
  6 ball pythons
  7 bats
  8 endoplasms
  4 giant cockroaches
  11 goblins
  5 hobgoblins
  4 jackals
  9 kobolds
  3 quokkas
  2 frilled lizards
  7 rats
108 creatures vanquished.

Notes
Turn   | Place    | Note
-------+----------+-------------------------------------------
     0 | D:1      | PriceMaster the Demonspawn Alchemist began the quest for
                  | the Orb.
     0 | D:1      | Reached XP level 1. HP: 13/13 MP: 3/3
   342 | D:1      | Found Jafonij's Distillery.
   359 | D:1      | Gained mutation: A meltable shield of frost defends you.
                  | (SH +4) [demonic ancestry]
   359 | D:1      | Reached XP level 2. HP: 19/19 MP: 3/5
   362 | D:1      | Learned a level 2 spell: Mercury Vapours
  1075 | D:2      | Found a faded altar of an unknown god.
  1244 | D:2      | Gained mutation: You are partially covered in thin metallic
                  | scales. (AC +2) [demonic ancestry]
  1244 | D:2      | Reached XP level 3. HP: 18/24 MP: 2/7
  1577 | D:2      | Found Uckapero's Weapon Boutique.
  1710 | D:2      | Reached XP level 4. HP: 30/30 MP: 0/8
  1778 | D:2      | Found Ovop's Armour Boutique.
  2021 | D:2      | Learned a level 4 spell: Olgreb's Toxic Radiance
  2567 | D:3      | Noticed an ice beast
  2579 | D:3      | Reached skill level 4 in Alchemy
  2587 | D:3      | Killed an ice beast
  2588 | D:3      | Gained mutation: You have a pair of small antennae on your
                  | head. [demonic ancestry]
  2588 | D:3      | Reached XP level 5. HP: 29/35 MP: 0/10
  3053 | D:3      | Found a sparkling altar of Nemelex Xobeh.
  3085 | D:3      | Became a worshipper of Nemelex Xobeh the Trickster
  3473 | D:3      | Gained mutation: You sometimes gain a little power by
                  | taking damage. [demonic ancestry]
  3473 | D:3      | Reached XP level 6. HP: 9/42 MP: 1/11
  3475 | D:3      | Reached skill level 1 in Short Blades
  3673 | D:3      | Found an opulent altar of Gozag.
  4188 | D:4      | Reached skill level 1 in Air Magic
  4359 | D:4      | Reached * piety under Nemelex Xobeh
  5019 | D:4      | Reached skill level 1 in Armour
  5342 | D:4      | Reached XP level 7. HP: 37/47 MP: 7/12
  5723 | D:4      | Received a gift from Nemelex Xobeh
  5741 | D:4      | Reached skill level 5 in Alchemy
  6193 | D:4      | Found Heyska's Weapon Boutique.
  6355 | D:5      | Entered Level 5 of the Dungeon
  6851 | D:5      | Reached skill level 1 in Shields
  7042 | D:5      | HP: 1/47 [poison]
  7044 | D:5      | Succumbed to poison

Illustrated notes

Levels and vault maps discovered:
D:1:      matt_arrival_grand_opening, layout_loops_ring, serial_shops,
          nicolae_shop_advertising_works [nicolae_subvault_shop_adworks],
          minmay_misc_feat_x, minmay_pentomino_q4
D:2:      layout_loops_corners, serial_shops,
          nicolae_shop_pleasant_corner_grove, nicolae_shop_waterfront,
          hellmonk_ecumenical_altar_lost_god
D:3:      layout_basic, grunt_temple_overflow_gold_and_silver,
          mainiacjoe_overflow_concentric_impassable
D:4:      minmay_chambers_of_twos, layout_basic, serial_shops,
          nicolae_shop_bloodbath_and_beyond, kennysheep_generic_room_2
D:5:      layout_gridville, kennysheep_generic_room_7, uniq_pikel

Skill      XL: |  1  2  3  4  5  6  7 |
---------------+----------------------+-----
Dodging        | 2 3 |  3.1
Spellcasting   | 3 4 |  4.4
Alchemy        | 4 5 |  5.2
Stealth        | 2 |  2.6
Conjurations   | 2 |  2.5
Short Blades   | 1 |  1.3
Air Magic      | 1 |  1.3
Armour         | 1 2 |  2.0
Shields        | 1 |  1.0
Fighting       | |  0.8
Unarmed Combat | |  0.7
Evocations     | |  0.1

Action                     |  1- 3 |  4- 6 |  7- 9 || total
---------------------------+-------+-------+-------++-------
  Melee: Unarmed           |    10 |       |       ||    10
         Punch             |     1 |     4 |       ||     5
         Dagger            |     7 |   106 |    18 ||   131
         Short sword       |       |     8 |       ||     8
   Cast: Sting             |    58 |    53 |    26 ||   137
         Mercury Vapours   |     8 |     7 |     3 ||    18
         Olgreb's Toxic Ra |       |    12 |     2 ||    14
 Invoke: Draw Destruction  |       |       |     1 ||     1
  Evoke: Wand              |       |     1 |     2 ||     3
    Use: Scroll            |       |     9 |       ||     9
         Potion            |       |     7 |     3 ||    10
   Stab: Sleeping          |       |     2 |       ||     2
 Armour: Robe              |    24 |    38 |       ||    62
         Leather armour    |       |    29 |    28 ||    57
         Skin              |       |     3 |       ||     3
  Dodge: Dodged            |    28 |    82 |    21 ||   131
  Block: Other             |     3 |    26 |     6 ||    35
